 Dungeon Crawl Stone Soup version 0.30.0-13-g156ef70053 (webtiles) character file.

Game seed: 13023140572391528068

17968 GigaChad the Cleaver (level 12, -6/145 HPs)
             Began as a Formicid Fighter on May 17, 2023.
             Was the Champion of Jiyva.
             Mangled by a 12-headed hydra (7 damage)
             ... on level 4 of the Lair of Beasts.
             The game lasted 00:15:55 (10645 turns).

GigaChad the Cleaver (Formicid Fighter)            Turns: 10645, Time: 00:15:56

Health: -6/145     AC: 26    Str: 33    XL:     12   Next: 89%
Magic:  10/12      EV:  2    Int:  7    God:    Jiyva [******]
Gold:   408        SH: 16    Dex: 11    Spells: 11/11 levels left

rFire   . . .        N - +1 broad axe (elec)
rCold   . . .        o - +0 tower shield
rNeg    . . .        n - melded +0 plate armour
rPois   +            (helmet unavailable)
rElec   .            r - melded scarf {repulsion}
rCorr   +            (gloves currently unavailable)
SInv    .            (boots currently unavailable)
Will    ++...        (no amulet)
Stlth   +            (no ring)
HPRegen 2.04/turn    (no ring)
MPRegen 0.63/turn

%: clarity
@: tree-form
A: stationary, stasis, torment immunity, boosted hp, permanent stasis, dig
shafts and tunnels, (antennae 3), four strong arms, clarity, strong-willed 1,
(poison resistance), strong 2, (acidic bite), (eyeballs 2), (gelatinous body 2),
(jelly absorbing missiles), MP-powered wands, noise suppression
a: Renounce Religion, Oozemancy, Slimify


You were on level 4 of the Lair of Beasts.
You worshipped Jiyva.
Jiyva was exalted by your worship.
You were a tree.
You visited 2 branches of the dungeon, and saw 13 of its levels.
You also visited: Sewer and Ossuary.

You collected 408 gold pieces.

Inventory:

Hand Weapons
 a - a +2 war axe
 E - the +0 hand axe of Objectivity {freeze, Str+3}
   (You found it on level 10 of the Dungeon)

   Str:       It affects your strength (+3).
 I - a +0 demon whip of venom
 N - a +1 broad axe of electrocution (weapon)
Armour
 b - a +0 scale mail
 c - a +0 buckler
 i - a +0 chain mail
 n - a +0 plate armour (melded)
 o - a +0 tower shield (worn)
 r - a scarf of repulsion (melded)
 C - +0 acid dragon scales
Jewellery
 w - a ring of willpower
 y - a ring of magical power
 F - an amulet of guardian spirit
Wands
 l - a wand of roots (23)
 q - a wand of flame (54)
 v - a wand of polymorph (21)
 A - a wand of digging (5)
 B - a wand of mindburst (5)
 M - a wand of charming (4)
Scrolls
 j - 2 scrolls of amnesia
 m - 2 scrolls of poison
 p - a scroll of fog
 s - 2 scrolls of summoning
 t - 3 scrolls of magic mapping
 u - 3 scrolls of fear
 D - 2 scrolls of identify
 J - a scroll of vulnerability {unknown}
Potions
 d - a potion of might
 e - 4 potions of haste {unknown}
 f - 9 potions of curing
 g - 3 potions of lignification
 h - a potion of attraction {unknown}
 k - 3 potions of flight {unknown}
 x - a potion of cancellation {unknown}
 z - 2 potions of invisibility {unknown}
 G - 2 potions of brilliance {unknown}
 K - 2 potions of heal wounds {unknown}
 L - a potion of mutation {unknown}
Miscellaneous
 H - a phial of floods


   Skills:
 * Level 10.1 Fighting
 * Level 14.3 Axes
 * Level 10.0 Armour
 * Level 11.0 Shields


You had 11 spell levels left.
You didn't know any spells.
Your spell library contained the following spells:

 Spells                   Type           Power      Damage    Failure   Level
 Apportation              Tloc           0%         N/A       75%         1
 Necrotise                Necr           0%         1d4       75%         1
 Sting                    Tmut/Pois      0%         1d3       75%         1
 Summon Small Mammal      Summ           0%         N/A       75%         1
 Ensorcelled Hibernation  Hex/Ice        0%         N/A       86%         2
 Poisonous Vapours        Pois/Air       0%         N/A       86%         2
 Spider Form              Tmut/Pois      0%         N/A       98%         3
 Volatile Blastmotes      Fire/Tloc      0%         2d10      98%         3
 Anguish                  Hex/Necr       0%         N/A       100%        4
 Fulminant Prism          Conj/Hex       0%         3d5       100%        4
 Iskenderun's Mystic Bla  Conj/Tloc      0%         2d3       100%        4
 Olgreb's Toxic Radiance  Pois           0%         N/A       100%        4
 Alistair's Intoxication  Tmut/Pois      0%         N/A       100%        5
 Lee's Rapid Deconstruct  Erth           0%         3d4*      100%        5


Dungeon Overview and Level Annotations

Branches:
Dungeon (10/15)            Temple (0/1) D:7            Lair (2/5) D:10
 Shoals (0/4) Lair:2        Snake (0/4) Lair:2          Orc (0/2) D:10
  Sewer (visited)         Ossuary (visited)

Altars:
Dithmenos
Fedhas
Kikubaaqudgha
Makhleb
Nemelex Xobeh
Okawaru
Qazlal
Uskayaw
Wu Jian
The Shining One
Jiyva
Lugonu

Shops:
D:5 (

Portals:
Abyss: D:3


Innate Abilities, Weirdness & Mutations

You are a tree.
Your roots penetrate the ground, keeping you stationary.
You cannot be teleported.
You are immune to unholy pain and torment.
Your maximum health is greatly increased.
Your equipment is partially melded.
You cannot be hasted, slowed, berserked, paralysed or teleported.
You can dig through walls and to a lower floor.
((You have a pair of large antennae on your head. (SInv)))
Your four strong arms can wield two-handed weapons with a shield.
You possess an exceptional clarity of mind.
You are strong-willed. (Will+)
((Your system is resistant to poisons. (rPois)))
Your muscles are very strong. (Str +8, Int/Dex -2)
((You have acidic saliva.))
((Your body has grown many eyes which may confuse attackers. (Acc +5)))
((Your pliable body absorbs attacks. (AC +2, EV +2)))
((You have a small jelly attached to you that may absorb projectiles.))
You expend magic power (3 MP) to strengthen your wands.
You passively dampen the noise of your surroundings.


Message History

The 12-headed hydra bites you.
* * * LOW HITPOINT WARNING * * *
The 12-headed hydra bites you.
* * * LOW HITPOINT WARNING * * *
The 12-headed hydra bites you but does no damage.
The 12-headed hydra bites you.
* * * LOW HITPOINT WARNING * * *
The 12-headed hydra bites you.
* * * LOW HITPOINT WARNING * * *
The 12-headed hydra bites you!
* * * LOW HITPOINT WARNING * * *
You hear a distant slurping noise.
It was a potion of lignification.
You turn into a tree.
Your scarf of repulsion melds into your body.
Your +0 plate armour melds into your body.
The haze of the repulsion field disappears.
Your roots penetrate the ground.
The 12-headed hydra bites you but does no damage.
The 12-headed hydra bites you.
* * * LOW HITPOINT WARNING * * *
The 12-headed hydra bites you but does no damage.
You block the 12-headed hydra's attack. The 12-headed hydra barely misses you.
The 12-headed hydra bites you but does no damage.
The 12-headed hydra bites you.
* * * LOW HITPOINT WARNING * * *
The 12-headed hydra barely misses you. You block the 12-headed hydra's attack.
The 12-headed hydra bites you but does no damage. x3
You hear a distant slurping noise.
Aiming: Charm
Press: ? - help, Q - select action, (/) - cycle Shift-Dir - straight line, f - 12-headed hydra
Aim: a 12-headed hydra (lightly wounded, chance to affect: 20%)
You feel a surge of power!
The 12-headed hydra resists with almost no effort.
The 12-headed hydra bites you but does no damage.
You block the 12-headed hydra's attack. x2
The 12-headed hydra bites you but does no damage.
The 12-headed hydra bites you.
* * * LOW HITPOINT WARNING * * *
The 12-headed hydra bites you!
You die...

##.#.P###..#
#.....##...##
##......##..P#
#...........##
##.....##...##
##P..####...#
##.#.##....####
#.#.###+D####......#..
#...)...♣.............
###....#.##......P##.#
################# #


You could see a 12-headed hydra.

Vanquished Creatures
  A two-headed ogre (D:9)
  Sonja (Lair:2)
  Amaemon (Lair:1)
  A deep elf pyromancer (D:7)
  A manticore (Lair:2)
  2 black mambas (Lair:2)
  An orange demon (Lair:1)
  A gargoyle (D:10)
  3 cane toads
  3 kobold demonologists (D:10)
  4 komodo dragons
  A polar bear (Lair:2)
  2 trolls
  A wind drake (Lair:2)
  Prince Ribbit (D:6)
  9 blink frogs
  Grinder (D:6)
  Sigmund (D:3)
  A shadow (D:9)
  A wraith (D:7)
  11 yaks
  4 basilisks
  A steam dragon (D:10)
  Edmund (D:4)
  2 nagas (Lair:2)
  Duvessa (D:4)
  2 acid dragons
  9 water moccasins
  An ice beast (D:7)
  2 sky beasts (D:7)
  3 orc warriors
  4 black bears
  A centaur (D:9)
  2 ogres (D:6)
  2 kobold brigands
  A phantom (D:3)
  Blork the orc (D:6)
  8 bullfrogs
  2 scorpions
  4 water moccasin zombies (Ossuary)
  Dowan (D:4)
  8 wights
  3 killer bees (D:10)
  3 howler monkeys
  2 lava snakes (D:8)
  6 hounds
  A gnoll bouda (D:4)
  6 orc priests
  Jessica (D:2)
  3 iguanas
  4 hell rats (Lair:1)
  8 orc wizards
  2 mummies
  Robin (D:3)
  9 gnolls
  8 adders
  2 white imps
  An ufetubus (D:6)
  6 adder zombies (Ossuary)
  2 worms
  A dart slug (D:1)
  12 orcs
  10 giant cockroaches
  14 goblins
  8 hobgoblins
  4 jackals
  7 quokkas
  8 ball pythons
  3 bats
  11 frilled lizards
  2 gnoll zombies (Ossuary)
  5 hobgoblin zombies (Ossuary)
  19 kobolds
  2 kobold zombies (Ossuary)
  9 orc zombies (Ossuary)
  6 rats
297 creatures vanquished.

Vanquished Creatures (collateral kills)
  Maggie (D:7)
  A komodo dragon (Lair:1)
  An ogre (D:6)
3 creatures vanquished.

Vanquished Creatures (others)
  An ogre (D:3)
  A centaur (D:4)
  A water moccasin zombie (Ossuary)
  15 jellies
  A sleepcap (D:4)
  An orc wizard (D:7)
  A mummy (Ossuary)
  7 gnolls
  3 adders
  A white imp (D:6)
  An endoplasm (D:4)
  4 orcs
  A bat (D:1)
  A goblin (D:2)
  A hobgoblin (D:3)
  A jackal (D:4)
  2 kobolds (D:4)
  A quokka (D:2)
  3 training dummies (D:5)
  2 ball pythons (D:4)
  2 orc zombies (D:4)
  A rat (D:1)
52 creatures vanquished.

Grand Total: 352 creatures vanquished

Notes
Turn   | Place    | Note
-------+----------+-------------------------------------------
     0 | D:1      | GigaChad the Formicid Fighter began the quest for the Orb.
     0 | D:1      | Reached XP level 1. HP: 18/18 MP: 1/1
    25 | D:1      | Found a faded altar of an unknown god.
    64 | D:1      | Prayed at the altar of an unknown god.
    64 | D:1      | Became a worshipper of Jiyva Jaff the Shapeless
    64 | D:1      | Reached * piety under Jiyva
   204 | D:1      | Reached XP level 2. HP: 19/24 MP: 2/2
   236 | D:1      | Reached ** piety under Jiyva
   711 | D:1      | Reached XP level 3. HP: 29/29 MP: 3/3
   987 | D:2      | Reached *** piety under Jiyva
  1035 | D:2      | Noticed Jessica
  1044 | D:2      | Killed Jessica
  1045 | D:2      | Reached skill level 3 in Axes
  1045 | D:2      | Reached XP level 4. HP: 33/37 MP: 4/4
  1451 | D:3      | Gained mutation: Your body has grown eyes which may confuse
                  | attackers. (Acc +3) [Jiyva's grace]
  1451 | D:3      | Gained mutation: Your body has grown many eyes which may
                  | confuse attackers. (Acc +5) [Jiyva's grace]
  1451 | D:3      | Gained mutation: Your body is covered in eyes which may
                  | confuse attackers. (Acc +7, SInv) [Jiyva's grace]
  1451 | D:3      | Gained mutation: Your rubbery body absorbs attacks. (AC +1,
                  | EV +1) [Jiyva's grace]
  1463 | D:3      | Found a one-way gate to the infinite horrors of the Abyss.
  1467 | D:3      | Noticed Robin
  1482 | D:3      | Killed Robin
  1483 | D:3      | Reached XP level 5. HP: 26/42 MP: 5/5
  1617 | D:3      | Noticed a phantom
  1623 | D:3      | Killed a phantom
  1624 | D:3      | Reached skill level 4 in Axes
  1630 | D:3      | Reached **** piety under Jiyva
  1651 | D:3      | Noticed Sigmund
  1654 | D:3      | Found a large runed translucent door.
  1655 | D:3      | Found a large runed translucent door.
  1661 | D:3      | Killed Sigmund
  1662 | D:3      | Reached XP level 6. HP: 48/48 MP: 6/6
  1669 | D:3      | Killed an ogre
  1871 | D:3      | Found a corrupted altar of Lugonu.
  2033 | D:4      | Noticed Edmund
  2046 | D:4      | Killed Edmund
  2047 | D:4      | Reached skill level 5 in Axes
  2047 | D:4      | Reached skill level 5 in Shields
  2047 | D:4      | Reached XP level 7. HP: 55/55 MP: 7/7
  2051 | D:4      | Noticed Dowan
  2051 | D:4      | Noticed Duvessa
  2056 | D:4      | Killed Dowan
  2060 | D:4      | Killed Duvessa
  2061 | D:4      | Reached skill level 6 in Axes
  2681 | D:4      | Found a sand-covered staircase.
  2686 | Ossuary  | Entered an ossuary
  2696 | Ossuary  | Reached skill level 5 in Armour
  2733 | Ossuary  | Reached XP level 8. HP: 58/61 MP: 8/8
  2798 | Ossuary  | Reached skill level 7 in Axes
  2831 | Ossuary  | Reached skill level 5 in Fighting
  2904 | D:5      | Entered Level 5 of the Dungeon
  2956 | D:5      | Found an ancient bone altar of Kikubaaqudgha.
  3012 | D:5      | Found an ornate altar of the Wu Jian Council.
  3128 | D:5      | Lost mutation: Your rubbery body absorbs attacks. (AC +1,
                  | EV +1) [Jiyva's grace]
  3128 | D:5      | Gained mutation: Your mind is acute. (Int +4, Str/Dex -1)
                  | [Jiyva's grace]
  3128 | D:5      | Gained mutation: Your mind is very acute. (Int +8, Str/Dex
                  | -2) [Jiyva's grace]
  3128 | D:5      | Gained mutation: You have sharp toenails. [Jiyva's grace]
  3128 | D:5      | Gained mutation: You have razor-sharp toenails. [Jiyva's
                  | grace]
  3129 | D:5      | Found Opituy's Firing Range.
  3246 | D:5      | Found an iron altar of Okawaru.
  3284 | D:5      | Found a hide-covered altar of Uskayaw.
  3292 | D:5      | Found a shadowy altar of Dithmenos.
  3351 | D:5      | Reached ***** piety under Jiyva
  3635 | D:6      | Reached skill level 8 in Axes
  3670 | D:6      | Reached XP level 9. HP: 68/68 MP: 9/9
  3756 | D:6      | Noticed Blork the orc
  3765 | D:6      | Killed Blork the orc
  3870 | D:6      | Noticed Prince Ribbit
  3874 | D:6      | Killed Prince Ribbit
  3875 | D:6      | Reached skill level 9 in Axes
  3880 | D:6      | Noticed Grinder
  3890 | D:6      | Killed Grinder
  4082 | D:6      | Found a glowing drain.
  4098 | Sewer    | Entered a sewer
  4791 | D:7      | Gained mutation: Your rubbery body absorbs attacks. (AC +1,
                  | EV +1) [Jiyva's grace]
  4791 | D:7      | Gained mutation: Your pliable body absorbs attacks. (AC +2,
                  | EV +2) [Jiyva's grace]
  4791 | D:7      | Gained mutation: Your gelatinous body deflects attacks. (AC
                  | +3, EV +3) [Jiyva's grace]
  4791 | D:7      | Gained mutation: You are resistant to electric shocks.
                  | (rElec) [Jiyva's grace]
  4974 | D:7      | Found a staircase to the Ecumenical Temple.
  5019 | D:7      | Reached XP level 10. HP: 48/77 MP: 10/10
  5024 | D:7      | Reached skill level 10 in Axes
  5084 | D:7      | Noticed a deep elf pyromancer
  5105 | D:7      | Killed a deep elf pyromancer
  5758 | D:7      | Noticed Maggie
  5769 | D:7      | Killed Maggie
  5770 | D:7      | Reached skill level 11 in Axes
  6052 | D:8      | Reached ****** piety under Jiyva
  6168 | D:8      | Found a glowing golden altar of the Shining One.
  6425 | D:8      | Found a stormy altar of Qazlal.
  6426 | D:8      | Found a blossoming altar of Fedhas.
  6463 | D:8      | Found a sparkling altar of Nemelex Xobeh.
  6702 | D:9      | Lost mutation: Your mind is very acute. (Int +8, Str/Dex
                  | -2) [Jiyva's grace]
  6702 | D:9      | Lost mutation: Your mind is acute. (Int +4, Str/Dex -1)
                  | [Jiyva's grace]
  6702 | D:9      | Lost mutation: Your body is covered in eyes which may
                  | confuse attackers. (Acc +7, SInv) [Jiyva's grace]
  6702 | D:9      | Gained mutation: Your body is covered in eyes which may
                  | confuse attackers. (Acc +7, SInv) [Jiyva's grace]
  6702 | D:9      | Gained mutation: You have a small jelly attached to you
                  | that may absorb projectiles. [Jiyva's grace]
  6702 | D:9      | Gained mutation: Your melee attacks may engulf your foes in
                  | ooze. [Jiyva's grace]
  6702 | D:9      | Gained mutation: You possess an exceptional clarity of
                  | mind. [Jiyva's grace]
  6815 | D:9      | Reached XP level 11. HP: 82/84 MP: 11/11
  7042 | D:9      | Noticed a two-headed ogre
  7051 | D:9      | Killed a two-headed ogre
  7052 | D:9      | Reached skill level 12 in Axes
  7273 | D:9      | Found a burning altar of Makhleb.
  7302 | D:10     | Entered Level 10 of the Dungeon
  7308 | D:10     | Found a staircase to the Orcish Mines.
  7625 | D:10     | Identified the +0 hand axe of Objectivity {freeze, Str+3}
  7821 | D:10     | Reached skill level 13 in Axes
  7902 | D:10     | Found a staircase to the Lair.
  8286 | Lair:1   | Entered Level 1 of the Lair of Beasts
  8286 | Lair:1   | Noticed Amaemon
  8290 | Lair:1   | Reached XP level 12. HP: 91/94 MP: 12/12
  8295 | Lair:1   | Killed Amaemon
  8743 | Lair:1   | Reached skill level 10 in Shields
  8797 | Lair:1   | Lost mutation: You have razor-sharp toenails. [Jiyva's
                  | grace]
  8797 | Lair:1   | Lost mutation: You are resistant to electric shocks.
                  | (rElec) [Jiyva's grace]
  8797 | Lair:1   | Lost mutation: Your body is covered in eyes which may
                  | confuse attackers. (Acc +7, SInv) [Jiyva's grace]
  8797 | Lair:1   | Gained mutation: You have acidic saliva. [Jiyva's grace]
  8797 | Lair:1   | Gained mutation: Your muscles are strong. (Str +4, Int/Dex
                  | -1) [Jiyva's grace]
  8797 | Lair:1   | Gained mutation: Your muscles are very strong. (Str +8,
                  | Int/Dex -2) [Jiyva's grace]
  8797 | Lair:1   | Gained mutation: You are strong-willed. (Will+) [Jiyva's
                  | grace]
  9777 | Lair:2   | Noticed Sonja
  9782 | Lair:2   | Killed Sonja
  9783 | Lair:2   | Reached skill level 14 in Axes
  9950 | Lair:2   | Found a staircase to the Snake Pit.
 10163 | Lair:2   | Lost mutation: You have sharp toenails. [Jiyva's grace]
 10163 | Lair:2   | Lost mutation: Your gelatinous body deflects attacks. (AC
                  | +3, EV +3) [Jiyva's grace]
 10163 | Lair:2   | Lost mutation: You have a small jelly attached to you that
                  | may absorb projectiles. [Jiyva's grace]
 10163 | Lair:2   | Lost mutation: Your melee attacks may engulf your foes in
                  | ooze. [Jiyva's grace]
 10163 | Lair:2   | Gained mutation: You passively dampen the noise of your
                  | surroundings. [Jiyva's grace]
 10163 | Lair:2   | Gained mutation: You expend magic power (3 MP) to
                  | strengthen your wands. [Jiyva's grace]
 10163 | Lair:2   | Gained mutation: You have a small jelly attached to you
                  | that may absorb projectiles. [Jiyva's grace]
 10163 | Lair:2   | Gained mutation: Your system is resistant to poisons.
                  | (rPois) [Jiyva's grace]
 10255 | Lair:2   | Found a staircase to the Shoals.
 10411 | Lair:2   | Reached skill level 10 in Fighting
 10539 | Lair:2   | Reached skill level 10 in Armour
 10580 | Lair:2   | You fall into a shaft and drop 2 floors!
 10601 | Lair:4   | Noticed a five-headed hydra
 10644 | Lair:4   | HP: 6/145 [12-headed hydra (3)]
 10644 | Lair:4   | HP: 2/145 [12-headed hydra (4)]
 10645 | Lair:4   | Mangled by a 12-headed hydra

Illustrated notes

Levels and vault maps discovered:
D:1:      reono_arrival_forest_river, layout_basic,
          hellmonk_ecumenical_altar_lost_god, minmay_cupped
D:2:      layout_loops_ring, minmay_goblin_outpost, uniq_jessica
D:3:      due_chaos_kobolds, layout_rooms, uniq_sigmund, uniq_robin
D:4:      layout_loops_ring, nicolae_ossuary_entry_giza,
          hangedman_feature_mirror, kennysheep_small_spiral, uniq_duvessa,
          uniq_edmund
D:5:      layout_basic, mainiacjoe_overflow_catch_the_wave,
          mainiacjoe_overflow_catwalk, mainiacjoe_overflow_large_starburst,
          serial_aquarium, aquarium_bridge_straight [aquarium_subvault_bridge,
          aquarium_subvault_balcony, aquarium_subvault_bridge,
          aquarium_subvault_window], aquarium_window_fake, aquarium_window_fake,
          aquarium_window_fake, aquarium_view_2d, aquarium_balcony_double_2,
          aquarium_pool_2, nicolae_shop_firing_range
D:6:      layout_basic, gup_sewer_entry_bubbles, chequers_serial_rivers_micro_e,
          uniq_prince_ribbit1, uniq_grinder, uniq_blork_the_orc
D:7:      minmay_slanted_spiral_squares, layout_basic, minmay_temple_entry_hall,
          nicolae_zen_rock_garden, dreamdust_princess_corridor, uniq_maggie
D:8:      layout_loops_cross, grunt_temple_overflow_forces_of_nature,
          nicolae_tso_swordbearing_angel, nemelex_spade_bored_becter,
          grunt_decor_junction, small_statue_intersection
D:9:      layout_irregular_city, demons_altar
D:10:     layout_loops_ring, erik_lair_dragon, orc_0_dummy
Lair:1:   layout_layer_cave, lemuel_fruit_tree, uniq_amaemon
Lair:2:   layout_cellular_growth, minmay_shoals_entry_beasts,
          guppyfry_snake_entry_garden, minmay_hedge_maze,
          chequers_serial_rivers_micro_b, serial_bayou_shore_a, uniq_sonja
Lair:4:   layout_regular_city, grunt_megastairs_2, uniq_josephine, uniq_snorg

Skill      XL: |  1  2  3  4  5  6  7  8  9 10 11 12 |
---------------+-------------------------------------+-----
Axes           | 3 4 5 6 8 9 11 13 14 | 14.3
Armour         | 4 5 7 8 9 10 | 10.0
Fighting       | 4 5 6 7 8 10 | 10.1
Shields        | 5 6 7 8 9 11 | 11.0

Action                     |  1- 3 |  4- 6 |  7- 9 | 10-12 || total
---------------------------+-------+-------+-------+-------++-------
  Melee: War axe           |    91 |    57 |   282 |   417 ||   847
         Kick              |       |       |    46 |   157 ||   203
         Bite              |       |       |       |    12 ||    12
         Broad axe         |       |       |       |     7 ||     7
 Invoke: Oozemancy         |       |       |     1 |       ||     1
  Evoke: Wand              |       |       |       |     1 ||     1
    Use: Scroll            |     2 |     2 |       |     5 ||     9
         Potion            |       |       |       |     1 ||     1
   Stab: Confused          |       |     1 |    10 |    22 ||    33
 Armour: Scale mail        |    44 |       |       |       ||    44
         Chain mail        |     8 |    32 |   121 |    34 ||   195
         Plate armour      |       |       |       |   106 ||   106
         Skin              |       |       |       |     8 ||     8
  Dodge: Dodged            |    40 |    18 |   104 |   130 ||   292
         Repelled          |       |       |       |     4 ||     4
  Block: Buckler           |    20 |    23 |    60 |    10 ||   113
         Tower shield      |       |       |       |   262 ||   262
